 Dungeon Crawl Stone Soup version 0.22-a0-99-g1ac4c55 (webtiles) character file.

15 recordrepeat the Bolt Thrower (level 2, -2/17 HPs)
             Began as a Kobold Hunter on Jan 26, 2018.
             Slain by a quokka (5 damage)
             ... on level 2 of the Dungeon.
             The game lasted 00:03:05 (639 turns).

recordrepeat the Bolt Thrower (Kobold Hunter)        Turns: 639, Time: 00:03:05

Health: -2/17      AC:  3    Str:  9    XL:     2   Next: 65%
Magic:  2/2        EV: 15    Int: 12    God:
Gold:   21         SH:  0    Dex: 15    Spells: 1/1 levels left

rFire    . . .     SeeInvis .   b - +0 short sword
rCold    . . .     Gourm    .   (shield restricted)
rNeg     . . .     Faith    .   c - +0 leather armour
rPois    .         Spirit   .   (no helmet)
rElec    .         Reflect  .   (no cloak)
rCorr    .         Harm     .   (no gloves)
MR       .....                  (no boots)
Stlth    ++........             (no amulet)
HPRegen  0.05/turn              (no ring)
MPRegen  0.08/turn              (no ring)

@: no status effects
A: small, carnivore
a: no special abilities


You were on level 2 of the Dungeon.
You were very full.

You visited 1 branch of the dungeon, and saw 2 of its levels.

You collected 21 gold pieces.

Inventory:

Hand Weapons
 a - a +1 hand crossbow
 b - a +0 short sword (weapon)
Missiles
 d - 40 bolts
 e - 5 exploding tomahawks (quivered)
Armour
 c - a +0 leather armour (worn)
Scrolls
 g - 3 scrolls of teleportation {unknown}
 i - a scroll of remove curse {unknown}
Potions
 h - a potion of lignification {unknown}
Comestibles
 f - 3 rations


   Skills:
 + Level 2.1 Fighting
 + Level 0.3 Short Blades
 + Level 5.4 Crossbows
 + Level 2.6 Dodging
 + Level 1.3 Stealth


You had one spell level left.
You didn't know any spells.

Dungeon Overview and Level Annotations

Branches:
Dungeon (2/15)

Altars:
Uskayaw


Innate Abilities, Weirdness & Mutations

You are small and have problems with some larger weapons.
You are carnivorous and can eat meat at any time.


Message History

The quokka misses you.
You closely miss the quokka. The quokka barely misses you.
You barely miss the quokka. The quokka bites you. x2
You hit the quokka but do no damage. The quokka completely misses you.
You closely miss the quokka. The quokka completely misses you.
You barely miss the quokka. The quokka misses you.
You closely miss the quokka. The quokka closely misses you. x2
A rat comes into view.
You barely miss the quokka. The quokka closely misses you.
You hit the quokka but do no damage. The quokka closely misses you.
The quokka closely misses you. The quokka misses you.
Found a hide-covered altar of Uskayaw.
A goblin comes into view.
You hit the quokka but do no damage. The quokka bites you.
The goblin throws a tomahawk of returning.
The tomahawk of returning misses you.
The weapon returns to the goblin!
The quokka bites you.
* * * LOW HITPOINT WARNING * * *
The quokka bites you.
You die...

#.......#
..###.......###
.............># #
..###.##..##.#.#
..##.##.รท##.#.####.
#.##.##..<....)....
####..#.##..##.#.###..
#.?..............#
#...#@#.##..##.#####..
#...r...)...##........
#.r##.%.....##.#####..
#..##..#....##.#
#.r##....#..##.#####..
#.....#..#............
##.####..#..##########
...# #..#..# ...###
........


You could see a quokka and a rat.

Vanquished Creatures
  A leopard gecko (D:1)
  A bat (D:2)
  2 giant cockroaches (D:2)
  A hobgoblin (D:1)
  A kobold (D:1)
  2 frilled lizards
  3 goblins (D:1)
  2 rats (D:1)
13 creatures vanquished.

Notes
Turn   | Place    | Note
-------+----------+-------------------------------------------
     0 | D:1      | recordrepeat the Kobold Hunter began the quest for the Orb.
     0 | D:1      | Reached XP level 1. HP: 12/12 MP: 1/1
    19 | D:1      | Reached skill level 5 in Crossbows
    93 | D:1      | Reached XP level 2. HP: 10/17 MP: 2/2
   630 | D:2      | Found a hide-covered altar of Uskayaw.
   632 | D:2      | Noticed a hand axe
   639 | D:2      | Slain by a quokka

Vault maps used:
D:1:      roderic_chinese_lattice_arrival
D:2:      dancing_weapons_uskayaw, first_ration

Skill      XL: |  1 |
---------------+----+-----
Crossbows      | 5 |  5.4
Fighting       | |  2.1
Short Blades   | |  0.3
Dodging        | |  2.6
Stealth        | |  1.3

Action                   || total
-------------------------++-------
Melee: Short sword       ||    43
 Fire: Hand crossbow     ||     5
Throw: Tomahawk          ||     1
 Stab: Sleeping          ||     2
  Eat: Chunk             ||     6
Armor: Leather armour    ||     8
Dodge: Dodged            ||    34

Table legend:
 A = Spawn XP
 B = Non-spawn XP
 C = Spawn XP percentage of total XP
 D = Spawn monster count
 E = Non-spawn monster count
 F = Spawn count percentage of total count
 G = Total turns spent on level
                    A         B        C        D         E        F      G
               +---------+---------+-------+---------+---------+-------+---------
         Total |       0 |      22 |   0.0 |       0 |      13 |   0.0 |   639
               +---------+---------+-------+---------+---------+-------+---------
           D:1 |       0 |      15 |   0.0 |       0 |       9 |   0.0 |   528
           D:2 |       0 |       7 |   0.0 |       0 |       4 |   0.0 |   111
               +---------+---------+-------+---------+---------+-------+---------
